 Dungeon Crawl Stone Soup version 0.23.2-33-g5129a83184 (webtiles) character file.

Game seed: 13194725287498114576

5203 Aesthetico the Covert (level 10, 0/82 HPs)
             Began as a Formicid Assassin on July 17, 2019.
             Was a Follower of Uskayaw.
             Slain by a sky beast (3 damage)
             ... on level 9 of the Dungeon.
             The game lasted 00:33:30 (8770 turns).

Aesthetico the Covert (Formicid Assassin)           Turns: 8770, Time: 00:33:31

Health: 0/82       AC:  7    Str: 15    XL:     10   Next: 91%
Magic:  7/10       EV: 12    Int: 10    God:    Uskayaw [*.....]
Gold:   249        SH:  3    Dex: 15    Spells: 9/9 levels left

rFire    . . .     SeeInvis +   j - +2 dagger (venom)
rCold    . . .     Gourm    .   (no shield)
rNeg     . . .     Faith    .   c - +0 robe
rPois    +         Spirit   .   (helmet unavailable)
rElec    .         Reflect  +   l - +2 cloak {+Inv}
rCorr    .         Harm     .   s - +0 pair of gloves
MR       ++...                  m - +0 pair of boots
Stlth    +++++.....             u - +3 amulet of reflection
HPRegen  0.23/turn              q - ring of poison resistance
MPRegen  0.12/turn              F - +1 ring of evasion

@: no status effects
A: permanent stasis, dig shafts and tunnels, four strong arms, antennae 3,
deterioration 1, dopey 1, magic resistance 1
a: Dig, Shaft Self, Stomp, Renounce Religion, Evoke Invisibility


You were on level 9 of the Dungeon.
You worshipped Uskayaw.
Uskayaw was noncommittal.
You were very hungry.

You visited 2 branches of the dungeon, and saw 11 of its levels.

You collected 406 gold pieces.
You spent 157 gold pieces at shops.

Inventory:

Hand Weapons
 a - a +3 dagger
 b - a +0 blowgun
 j - a +2 dagger of venom (weapon)
Missiles
 e - 45 poisoned needles
 H - a curare-tipped needle
Armour
 c - a +0 robe (worn)
 l - a +2 cloak of invisibility (worn)
 m - a +0 pair of boots (worn)
 s - a +0 pair of gloves (worn)
Jewellery
 d - an uncursed ring of teleportation
 q - a ring of poison resistance (left hand)
 u - a +3 amulet of reflection (around neck)
 B - an uncursed ring of ice
 D - a -2 ring of intelligence
 F - a +1 ring of evasion (right hand)
Wands
 f - a wand of iceblast (20)
 p - a wand of random effects (30)
 w - a wand of flame (9)
 y - a wand of acid (12)
Scrolls
 h - 7 scrolls of identify
 i - 3 scrolls of enchant armour
 k - 6 scrolls of remove curse
 n - 3 scrolls of amnesia
 o - a scroll of fog {unknown}
 v - 2 scrolls of teleportation
 E - a scroll of enchant weapon
Potions
 r - a potion of brilliance
 x - a potion of might
Comestibles
 g - 9 rations


   Skills:
 + Level 8.6 Fighting
 - Level 8.0 Short Blades
 - Level 8.1 Throwing
 - Level 0.8 Dodging
 - Level 11.0 Stealth


You had 9 spell levels left.
You didn't know any spells.
Your spell library contained the following spells:

 Spells                   Type           Power        Failure   Level  Hunger
 Sandblast                Erth           #.....       36%         1    ##.....
 Passwall                 Tmut/Erth      #.......     50%         2    ###....
 Stone Arrow              Conj/Erth      #.....       75%         3    ####...
 Petrify                  Tmut/Erth      #.......     98%         4    #####..
 Lee's Rapid Deconstruct  Erth           #.........   100%        5    ######.


Dungeon Overview and Level Annotations

Branches:
Dungeon (11/15)            Temple (1/1) D:4
   Lair: D:8-11         Orc: D:9-12

Altars:
Ashenzari
Cheibriados
Dithmenos
Elyvilon
Fedhas
Gozag
Hepliaklqana
Kikubaaqudgha
Makhleb
Okawaru
Qazlal
Ru
Sif Muna
Trog
Uskayaw
Vehumet
Wu Jian
Xom
Yredelemnul
The Shining One

Shops:
D:4 =   D:7 }

Annotations:
D:10 Erica, Maurice


Innate Abilities, Weirdness & Mutations

You cannot be hasted, slowed, berserked, paralysed or teleported.
You can dig through walls and to a lower floor.
Your four strong arms can wield two-handed weapons with a shield.
You have a pair of large antennae on your head. (SInv)
Your body sometimes deteriorates upon taking damage.
You are dopey. (Int -2)
You are resistant to hostile enchantments. (MR+)


Message History

The sky beast hits you.
* * * LOW HITPOINT WARNING * * *
The sky beast shocks you.
* * * LOW HITPOINT WARNING * * *
You closely miss the sky beast.
The sky beast is lightly wounded.
You feel better. The sky beast barely misses you.
You hit the sky beast but do no damage.
The sky beast is poisoned.
The sky beast is lightly wounded.
The sky beast hits you.
* * * LOW HITPOINT WARNING * * *
The sky beast shocks you.
* * * LOW HITPOINT WARNING * * *
You hit the sky beast.
The sky beast looks even sicker.
The sky beast is moderately wounded.
You hit the sky beast.
The sky beast looks as sick as possible!
The sky beast is heavily wounded.
The sky beast hits you.
You die...

#............#
##............#
..............#
###>..........#
##..#.#.....#
#..._......#
#..#.#.[...#
##......###########
######...†YY@....#
###########.#


You could see a yak and a sky beast.

Vanquished Creatures
  Snorg (D:10)
  A two-headed ogre (D:11)
  A troll (D:10)
  Sigmund (D:2)
  2 wyverns
  3 yaks (D:9)
  A water moccasin (D:11)
  Duvessa (D:4)
  2 sky beasts
  An ice beast (D:5)
  A hornet zombie (D:10)
  3 ogres
  2 centaurs (D:5)
  3 bullfrogs
  Dowan (D:4)
  2 scorpions
  A howler monkey (D:5)
  2 centaur zombies (D:6)
  3 crimson imps
  A quasit (D:7)
  3 bullfrog zombies
  5 hounds
  A jelly (D:7)
  Crazy Yiuf (D:2)
  An orc priest (D:3)
  Jessica (D:3)
  A bullfrog skeleton (D:6)
  2 iguanas
  6 orc wizards
  Ijyb (D:5)
  Terence (D:3)
  4 worker ants
  A killer bee zombie (D:9)
  Robin (D:3)
  A gnoll (D:1)
  A howler monkey skeleton (D:4)
  13 adders
  An ooze (D:3)
  An adder skeleton (D:4)
  2 worms (D:5)
  7 leopard geckos
  24 orcs
  3 ball pythons
  3 giant cockroaches
  13 hobgoblins
  10 jackals
  7 kobolds
  2 quokkas
  13 bats
  11 frilled lizards
  15 goblins
  A leopard gecko skeleton (D:5)
  A quokka zombie (D:5)
  10 rats
201 creatures vanquished.

Vanquished Creatures (others)
  An orc (D:3)
1 creature vanquished.

Grand Total: 202 creatures vanquished

Notes
Turn   | Place    | Note
-------+----------+-------------------------------------------
     0 | D:1      | Aesthetico the Formicid Assassin began the quest for the
                  | Orb.
     0 | D:1      | Reached XP level 1. HP: 16/16 MP: 1/1
    15 | D:1      | Reached skill level 5 in Stealth
    15 | D:1      | Reached XP level 2. HP: 22/22 MP: 2/2
   221 | D:1      | Reached skill level 6 in Stealth
   221 | D:1      | Reached XP level 3. HP: 23/27 MP: 3/3
   879 | D:2      | Reached XP level 4. HP: 20/33 MP: 4/4
   900 | D:2      | Reached skill level 7 in Stealth
  1033 | D:2      | Gained mutation: You are frail. (-10% HP) [potion of
                  | mutation]
  1033 | D:2      | Gained mutation: You are dopey. (Int -2) [potion of
                  | mutation]
  1033 | D:2      | Lost mutation: You are frail. (-10% HP) [potion of
                  | mutation]
  1033 | D:2      | Gained mutation: You are resistant to hostile enchantments.
                  | (MR+) [potion of mutation]
  1391 | D:2      | Reached XP level 5. HP: 39/39 MP: 5/5
  1445 | D:2      | Noticed Sigmund
  1492 | D:2      | Killed Sigmund
  1492 | D:2      | Reached skill level 5 in Fighting
  1492 | D:2      | Reached XP level 6. HP: 38/51 MP: 6/6
  1772 | D:2      | Found a runed translucent door.
  1773 | D:2      | Noticed Crazy Yiuf
  1872 | D:2      | Killed Crazy Yiuf
  1961 | D:3      | Reached XP level 7. HP: 44/58 MP: 5/7
  2003 | D:3      | Gained mutation: Your body sometimes deteriorates upon
                  | taking damage. [mutagenic glow]
  2047 | D:3      | Noticed Jessica
  2062 | D:3      | Killed Jessica
  2181 | D:3      | Found a blossoming altar of Fedhas.
  2452 | D:3      | Noticed Robin
  2479 | D:3      | Killed Robin
  3175 | D:3      | HP: 1/58 [orc wizard/magic dart (4)]
  3178 | D:3      | Reached skill level 5 in Short Blades
  3469 | D:3      | Noticed Terence
  3490 | D:3      | Killed Terence
  3490 | D:3      | Reached XP level 8. HP: 56/64 MP: 8/8
  4038 | D:4      | Found a staircase to the Ecumenical Temple.
  4078 | Temple   | Entered the Ecumenical Temple
  4303 | Temple   | Became a worshipper of Uskayaw the Reveler
  4437 | D:4      | Found Usyifary's Jewellery Emporium.
  4443 | D:4      | Bought a +3 amulet of reflection for 157 gold pieces
  4466 | D:4      | Reached * piety under Uskayaw
  4537 | D:4      | Reached ** piety under Uskayaw
  4606 | D:4      | Noticed Dowan
  4608 | D:4      | Noticed Duvessa
  4661 | D:4      | Killed Duvessa
  4662 | D:4      | Killed Dowan
  4828 | D:4      | Found a burning altar of Makhleb.
  4828 | D:4      | Found an ornate altar of the Wu Jian Council.
  5283 | D:5      | Entered Level 5 of the Dungeon
  5283 | D:5      | Noticed Ijyb
  5295 | D:5      | Killed Ijyb
  5301 | D:5      | Reached *** piety under Uskayaw
  5566 | D:5      | Reached skill level 8 in Stealth
  5566 | D:5      | Reached XP level 9. HP: 65/69 MP: 7/9
  5904 | D:5      | Reached skill level 9 in Stealth
  6587 | D:6      | Reached skill level 10 in Stealth
  7176 | D:7      | Reached skill level 11 in Stealth
  7213 | D:7      | Found Gepliherph's Gadget Shoppe.
  7604 | D:7      | You fall through a shaft for 3 floors!
  7604 | D:10     | Entered Level 10 of the Dungeon
  7604 | D:10     | Noticed Maurice
  7618 | D:10     | Noticed a troll
  7629 | D:10     | Killed a troll
  7650 | D:11     | Reached skill level 5 in Throwing
  7650 | D:11     | Reached XP level 10. HP: 10/76 MP: 10/10
  8026 | D:11     | Found a glowing golden altar of the Shining One.
  8059 | D:11     | Noticed a two-headed ogre
  8077 | D:11     | Killed a two-headed ogre
  8372 | D:10     | Noticed Snorg
  8379 | D:10     | Killed Snorg
  8648 | D:10     | Noticed Erica
  8707 | D:9      | Found an iron altar of Okawaru.
  8768 | D:9      | HP: 3/82 [sky beast (6)]
  8770 | D:9      | Slain by a sky beast

Skill      XL: |  1  2  3  4  5  6  7  8  9 10 |
---------------+-------------------------------+-----
Stealth        | 5 6 7 8 11 | 11.0
Fighting       | 5 6 8 |  8.6
Short Blades   | 5 8 |  8.0
Throwing       | 5 8 |  8.1
Dodging        | |  0.8

Action                   |  1- 3 |  4- 6 |  7- 9 | 10-12 || total
-------------------------+-------+-------+-------+-------++-------
Melee: Dagger            |   112 |   140 |   620 |    77 ||   949
 Fire: Blowgun           |       |    21 |    47 |     7 ||    75
Invok: Stomp             |       |       |     5 |     3 ||     8
       Line Pass         |       |       |       |     1 ||     1
 Abil: Evoke Invisibilit |       |     2 |    12 |       ||    14
       Dig               |       |       |     2 |       ||     2
       Shaft Self        |       |       |     1 |       ||     1
Evoke: Wand              |       |       |       |     9 ||     9
  Use: Potion            |     2 |     3 |     5 |     6 ||    16
       Scroll            |       |       |    12 |     1 ||    13
 Stab: Sleeping          |     7 |    13 |    21 |     6 ||    47
       Invisible         |       |     3 |     9 |       ||    12
       Distracted        |       |       |     1 |       ||     1
       Paralysed         |       |       |     1 |     2 ||     3
  Eat: Chunk             |       |     3 |    24 |     5 ||    32
Armor: Robe              |    25 |    27 |   152 |    19 ||   223
       Skin              |       |    10 |       |       ||    10
Dodge: Dodged            |    56 |    91 |   283 |    31 ||   461
Block: Other             |       |       |    23 |     8 ||    31
